 Dungeon Crawl Stone Soup version 0.30-a0-777-ga9a30cbeda (console) character file.

Game seed: 16472312163765148234

210 rlgrobin the Cudgeller (level 5, -4/66 HPs)
             Began as an Armataur Fighter on Feb 15, 2023.
             Was an Initiate of Gozag.
             Killed by divine providence
             ... invoked by an orc priest
              (12 damage)
             ... on level 4 of the Dungeon.
             The game lasted 00:04:13 (766 turns).

rlgrobin the Cudgeller (Armataur Fighter)            Turns: 766, Time: 00:04:13

Health: -4/66      AC: 22    Str: 15 (21) XL:     5   Next: 56%
Magic:  5/5        EV:  1    Int:  4 (8)  God:    Gozag
Gold:   195        SH:  4    Dex: 10 (12) Spells: 4/4 levels left

rFire   . . .      SeeInvis .    a - +0 flail
rCold   . . .      Faith    .    c - +0 buckler
rNeg    . . .      Spirit   .    (body armour currently unavailable)
rPois   +          Reflect  .    (helmet currently unavailable)
rElec   .          Harm     .    (cloak currently unavailable)
rCorr   .          Roll     +    (gloves currently unavailable)
Will    .....      NoTele   +    (no barding)
Stlth   +                        (no amulet)
HPRegen 0.31/turn                (no ring)
MPRegen 0.09/turn                (no ring)

@: tree-form, gold aura, hasted, very quick
A: stationary, stasis, torment immunity, boosted hp, large, rugged brown scales
3, (deformed body), (armoured tail), roll, long tongue, awkward tongue, (horns
1), (iridescent scales 1), wild magic 1
a: Renounce Religion, Potion Petition, Call Merchant, Bribe Branch


You were on level 4 of the Dungeon.
You worshipped Gozag.
Gozag was aware of your devotion.
You were a tree.
You visited 1 branch of the dungeon, and saw 4 of its levels.

You collected 195 gold pieces.

Inventory:

Hand Weapons
 a - a +0 flail (weapon)
 e - a +0 short sword of electrocution
Armour
 b - a +0 plate armour
 c - a +0 buckler (worn)
 d - a +0 chain mail (melded)
 h - a +0 pair of gloves (melded)
Scrolls
 f - a scroll of blinking {unknown}
 l - a scroll of noise {unknown}
Potions
 g - a potion of haste
 i - a potion of mutation
 j - a potion of lignification


   Skills:
 - Level 2.6 Fighting
 + Level 5.4 Maces & Flails
 - Level 3.6 Armour
 - Level 3.2 Shields


You had 4 spell levels left.
You didn't know any spells.
Your spell library contained the following spells:

 Spells                   Type           Power      Damage    Failure   Level
 Sandblast                Erth           0%         2d4       65%         1
 Passwall                 Tmut/Erth      0%         N/A       78%         2
 Stone Arrow              Conj/Erth      0%         3d7       95%         3


Dungeon Overview and Level Annotations

Branches:
Dungeon (4/15)
 Temple: D:4-7

Altars:
Cheibriados
Gozag
Kikubaaqudgha

Shops:
D:2 *


Innate Abilities, Weirdness & Mutations

You are a tree.
Your roots penetrate the ground, keeping you stationary.
You cannot be teleported.
You are immune to unholy pain and torment.
Your maximum health is greatly increased.
Your equipment is partially melded.
(You are completely covered in rugged brown scales. (AC +3, +7% HP))
((Armour fits poorly on your strangely shaped body.))
((You have a long armoured tail.))
You roll when moving toward enemies. (Rampage)
Your long tongue fully drains potion bottles. (2x potion effects)
Your tongue gives you trouble enunciating. (1.5x scroll delay)
((You have a pair of small horns on your head.))
((You are partially covered in iridescent scales. (AC +2)))
Your spells are a little harder to cast, but a little more powerful.


Message History

You closely miss the orc. The orc completely misses you.
You hit the orc priest.
The orc priest is moderately wounded.
The orc priest miscasts a cantrip.
The orc hits you but does no damage.
You sock the orc priest!
You kill the orc priest!
The orc is distracted by your dazzling golden aura.
The orc barely misses you.
The orc shouts!
You barely miss the orc.
The orc is no longer distracted by gold.
You hit the orc.
The orc is moderately wounded.
You block the orc's attack. The orc hits you but does no damage.
You barely miss the orc.
The orc is moderately wounded.
You block the orc's attack. The orc hits you but does no damage.
You sock the orc!
You kill the orc!
The orc priest invokes the aid of Beogh against you.
Beogh smites you!
* * * LOW HITPOINT WARNING * * *
You block the orc's attack.
The orc hits you from afar with a +0 trident.
* * * LOW HITPOINT WARNING * * *
The orc priest looks encouraged for a moment.
You slurp down every last drop of the bubbling silvery potion!
It was a potion of degeneration.
There was something very wrong with that liquid.
You feel weakened.
You feel dopey.
You feel clumsy. You block the orc's attack.
You sock the orc priest!
The orc priest is almost dead.
The orc hits you from afar with a +0 trident.
* * * LOW HITPOINT WARNING * * *
The orc priest mumbles some strange prayers to Beogh against you.
Beogh smites you!
You die...
Your body crumbles into a pile of gold.

.............########+
.............#...§...#
.............#._.≈._.#
.......<.....#...≈...#
#............'#########..
#........................
#....................#..#
................###..#
.....#......♣$.## ..#
..........#o##o## ..#
...###..........# ..# ..
#.#.#....o....# ..
###.#....o.........
#..............
...............
.....#.........
.....#.....####


You could see an orc priest and an orc.

Vanquished Creatures
  A black bear (D:4)
  An orc priest (D:4)
  Jessica (D:2)
  Terence (D:2)
  A worm (D:2)
  2 orcs (D:4)
  2 ball pythons (D:2)
  3 endoplasms
  4 goblins
  5 hobgoblins
  3 kobolds
  5 bats
  A frilled lizard (D:2)
  2 rats
32 creatures vanquished.

Notes
Turn   | Place    | Note
-------+----------+-------------------------------------------
     0 | D:1      | rlgrobin the Armataur Fighter began the quest for the Orb.
     0 | D:1      | Reached XP level 1. HP: 19/19 MP: 1/1
    69 | D:1      | Found a faded altar of an unknown god.
    78 | D:1      | Reached skill level 2 in Maces & Flails
    94 | D:1      | Prayed at the altar of an unknown god.
    94 | D:1      | Became a worshipper of Gozag Ym Sagoz the Greedy
   131 | D:1      | Reached XP level 2. HP: 26/26 MP: 2/2
   172 | D:2      | Noticed Terence
   187 | D:2      | Killed Terence
   188 | D:2      | Reached skill level 3 in Maces & Flails
   188 | D:2      | Reached XP level 3. HP: 18/32 MP: 3/3
   242 | D:2      | Noticed Jessica
   244 | D:2      | Killed Jessica
   317 | D:2      | Found Rotepoy's Assorted Antiques.
   337 | D:2      | Reached XP level 4. HP: 39/39 MP: 4/4
   426 | D:2      | Reached skill level 4 in Maces & Flails
   714 | D:4      | Noticed a black bear
   724 | D:4      | Killed a black bear
   725 | D:4      | Reached skill level 5 in Maces & Flails
   725 | D:4      | Reached XP level 5. HP: 17/44 MP: 5/5
   734 | D:4      | Found a snail-covered altar of Cheibriados.
   734 | D:4      | Found an ancient bone altar of Kikubaaqudgha.
   751 | D:4      | Gained mutation: You have a pair of small horns on your
                  | head. [potion of mutation]
   751 | D:4      | Gained mutation: Your spells are a little harder to cast,
                  | but a little more powerful. [potion of mutation]
   751 | D:4      | Gained mutation: You are partially covered in iridescent
                  | scales. (AC +2) [potion of mutation]
   766 | D:4      | Killed from afar by an orc priest

Illustrated notes

Levels and vault maps discovered:
D:1:      dpeg_arrival_circle_labyrinth_a, layout_loops_ring,
          shapermc_ecumenical_altar_starsandcircs, hex_large,
          grunt_decor_arrowhead
D:2:      layout_loops_corners, serial_shops, shop, uniq_terence, uniq_jessica
D:3:      layout_basic, mainiacjoe_overflow_24_doors,
          kennysheep_generic_room_14, uniq_ijyb, uniq_grinder
D:4:      layout_cave_pools, mainiacjoe_overflow_divided_tiny, st_stairs_5

Skill      XL: |  1  2  3  4 |
---------------+-------------+-----
Maces & Flails | 2 3 5 |  5.4
Fighting       | |  2.6
Armour         | |  3.6
Shields        | |  3.2

Action                     |  1- 3 |  4- 6 || total
---------------------------+-------+-------++-------
  Melee: Flail             |    27 |    50 ||    77
         Tailslap          |     3 |     1 ||     4
    Use: Potion            |     1 |     4 ||     5
 Armour: Scale mail        |    13 |       ||    13
         Chain mail        |     2 |    32 ||    34
         Skin              |       |     4 ||     4
  Dodge: Dodged            |     8 |    15 ||    23
  Block: Buckler           |     7 |    12 ||    19

Table legend: (Time is in decaauts)
 A = Elapsed time spent in this place.
 B = Non-inter-level travel time spent in this place.
 C = Inter-level travel time spent in this place.
 D = Time resting spent in this place.
 E = Time spent auto-exploring this place.
 F = Levels seen in this place.
 G = Mean time per level.
                   A        B        C        D        E       F      G
               +--------+--------+--------+--------+--------+-----+--------+
         Total |    778 |    778 |      0 |      0 |      0 |   4 |  194.5 |
       Dungeon |    778 |    778 |      0 |      0 |      0 |   4 |  194.5 |
               +--------+--------+--------+--------+--------+-----+--------+

Top non-repeatable levels by time:
     D:2: 524 daAuts
     D:1: 153 daAuts
     D:4: 54 daAuts
     D:3: 46 daAuts
